 Dungeon Crawl Stone Soup version 0.21.1-1-g345015f (webtiles) character file.

22588 troglodite the Fighter (level 12, -2/97 HPs)
             Began as a Demonspawn Berserker on May 5, 2018.
             Was a High Priest of Trog.
             Slain by a sixfirhy (12 damage)
             ... summoned by an orc high priest
             ... on level 2 of the Orcish Mines.
             The game lasted 00:50:35 (16120 turns).

troglodite the Fighter (Demonspawn Berserker)      Turns: 16120, Time: 00:50:37

Health: -2/97      AC: 27    Str: 18    XL:     12   Next: 64%
Magic:  12/12      EV: 14    Int:  9    God:    Trog [*****.]
Gold:   1393       SH:  0    Dex: 17    Spells: 11/11 levels left

rFire    . . .     SeeInvis .   z - +6 hand axe "Ozxigeck" {chop, MR+}
rCold    + . .     Gourm    .   (no shield)
rNeg     + . .     Faith    .   o - +7 Kryia's mail coat {PotionHeal*2 rC+}
rPois    +         Spirit   .   (helmet restricted)
rElec    .         Reflect  .   k - +1 cloak
rCorr    .         Harm     .   u - +2 pair of gloves
MR       +....                  j - +2 pair of boots
Stlth    +++++.....             (no amulet)
HPRegen  0.26/turn              r - ring of positive energy
MPRegen  0.13/turn              t - ring of stealth

@: drained
A: horns 2, icy blue scales 2, blurry vision 1, nightstalker 2, poison
resistance, screaming 1, rot immunity
a: Berserk, Trog's Hand, Brothers in Arms, Burn Spellbooks, Renounce Religion


You were on level 2 of the Orcish Mines.
You worshipped Trog.
Trog was extremely pleased with you.
You were not hungry.

You visited 2 branches of the dungeon, and saw 13 of its levels.

You collected 1585 gold pieces.
You spent 192 gold pieces at shops.

Inventory:

Hand Weapons
 q - a +2 antimagic double sword
 z - the +6 hand axe "Ozxigeck" (weapon) {chop, MR+}
   (You bought it in a shop on level 7 of the Dungeon)

   It inflicts extra damage upon your enemies.
   It affects your resistance to hostile enchantments.
 I - a +0 long sword of flaming
 J - a +5 long sword
Armour
 j - a +2 pair of boots (worn)
 k - a +1 cloak (worn)
 o - the +7 Kryia's mail coat (worn) {PotionHeal*2 rC+}
   (You found it on level 4 of the Dungeon)

   It protects you from cold.
 u - a +2 pair of gloves (worn)
Jewellery
 r - a ring of positive energy (left hand)
 t - a ring of stealth (right hand)
 y - an uncursed ring of see invisible
Wands
 a - a wand of digging (7)
 e - a wand of scattershot (5)
 m - a wand of iceblast (7)
 F - a wand of flame (12)
Scrolls
 b - a scroll of acquirement {unknown}
 g - 5 scrolls of remove curse
 i - 4 scrolls of fear
 s - 5 scrolls of teleportation
 x - 3 scrolls of magic mapping
 A - a scroll of blinking
 B - 2 scrolls of enchant weapon {unknown}
 C - 2 scrolls of summoning
 E - a scroll of noise {unknown}
Potions
 d - 4 potions of resistance
 f - a potion of haste
 h - 2 potions of invisibility
 l - a potion of heal wounds
 n - a potion of agility
 p - a potion of berserk rage
 v - a potion of curing
 w - a potion of flight
 D - a potion of might
 G - a potion of ambrosia
Comestibles
 c - 19 rations
 H - 11 chunks of flesh


   Skills:
 * Level 9.8(8.8) Fighting
 + Level 7.0(6.0) Long Blades
 + Level 8.5(7.4) Axes
 * Level 9.5(8.5) Armour
 * Level 7.7(6.7) Dodging
 * Level 8.5(7.4) Stealth


You had 11 spell levels left.
You didn't know any spells.

Dungeon Overview and Level Annotations

Branches:
Dungeon (11/15)            Temple (0/1) D:6            Lair (0/6) D:8
    Orc (2/2) D:11            Elf (0/3) Orc:2

Altars:
Ashenzari
Dithmenos
Elyvilon
Kikubaaqudgha
Nemelex Xobeh
Ru
The Shining One
Beogh

Shops:
D:5 (   D:6 ?   D:7 (   D:11 =(*   Orc:1 (   Orc:2 %%


Innate Abilities, Weirdness & Mutations

You have a pair of horns on your head.
You are mostly covered in icy blue scales. (AC +3)
You are significantly more attuned to the shadows.
You are immune to rotting.
Scrolls take you a little longer to read.
Your system is resistant to poisons. (rPois)
You occasionally shout uncontrollably at your foes.


Message History

You hear a shout! x3
You hit the orc high priest.
The orc high priest is heavily wounded.
You miss the sixfirhy. The sixfirhy barely misses you. The sixfirhy misses you.
The sixfirhy hits you but does no damage.
The orc high priest hits you but does no damage.
The orc sorcerer casts a spell at you.
The bolt of negative energy hits your ogre.
Your ogre is drained!
The bolt of negative energy hits you! You partially resist.
You feel drained.
* * * LOW HITPOINT WARNING * * *
Your ogre barely misses the orc sorcerer.
You slash the orc high priest!
The orc high priest is almost dead.
You barely miss the sixfirhy. The sixfirhy misses you.
The sixfirhy hits you but does no damage.
The sixfirhy hits you.
* * * LOW HITPOINT WARNING * * *
The sixfirhy shocks you!
You die...

#.# +...+ #.##.#...... #.# #...#
#.#......... #.# ##...##
#.##.#...... #.## #8...8#
##.##.#......
#..###...))###..####......
##...##'o)##...## ###....
###.....O.)..#.## ##.#...
##......8)8))....# #....#.
#.....#..o@3....#####....#.
##..#...........####.....##.
#...#....#.....#.##.....####
##.#...................## #
#...#................#.#####
##......................#.#.
#..........................
######.............#.##..##.....
##.##.#................###.#.....


You could see an orc high priest, a sixfirhy, an orc sorcerer and a friendly
ogre (berserk).

Vanquished Creatures
  Erolcha (Orc:2)
  4 two-headed ogres
  2 unseen horrors
  Pikel (D:6)
  An orc knight (Orc:2)
  An ugly thing (D:11)
  An orc sorcerer (Orc:2)
  A cyclops (D:9)
  Joseph (D:10)
  Grinder (D:4)
  A hornet (D:11)
  4 hippogriffs
  17 yaks
  A human (D:10)
  2 wraiths (D:11)
  Grum (D:10)
  A hungry ghost (D:10)
  2 hogs (D:10)
  3 water moccasins
  30 orc warriors
  2 ice beasts
  A sky beast (D:11)
  A black bear (D:10)
  3 phantoms
  2 slaves (D:6)
  9 ogres
  2 necrophages
  12 centaurs
  3 wolves (D:10)
  2 big kobolds
  8 bullfrogs
  2 wyvern zombies (D:7)
  A wyvern skeleton (D:11)
  3 scorpions
  6 killer bees (D:7)
  9 wights (D:11)
  A howler monkey (D:3)
  2 crimson imps
  2 bullfrog zombies
  3 jellies
  A gnoll shaman (D:8)
  6 hounds
  17 orc priests
  Crazy Yiuf (D:4)
  26 orc wizards
  4 bullfrog skeletons
  2 centaur skeletons
  4 iguanas
  6 worker ants
  A worker ant zombie (D:5)
  11 gnolls
  15 adders
  2 howler monkey skeletons
  A shadow imp (D:6)
  5 oozes
  An adder zombie (D:7)
  A worm (D:2)
  A dart slug (D:1)
  4 leopard geckos
  95 orcs
  6 giant cockroaches
  6 hobgoblins
  7 jackals
  12 kobolds
  5 quokkas
  A ball python (D:1)
  A ball python skeleton (D:4)
  8 bats
  6 frilled lizards
  6 goblins
  A leopard gecko skeleton (D:7)
  A quokka skeleton (D:5)
  A quokka zombie (D:5)
  13 rats
428 creatures vanquished.

Vanquished Creatures (collateral kills)
  Harold (Orc:1)
  2 orc knights (Orc:1)
  A troll (Orc:1)
  3 wargs (Orc:1)
  3 orc warriors
  5 orcs
15 creatures vanquished.

Vanquished Creatures (others)
  An orc wizard (Orc:1)
  2 plants (D:5)
3 creatures vanquished.

Grand Total: 446 creatures vanquished

Notes
Turn   | Place    | Note
-------+----------+-------------------------------------------
     0 | D:1      | troglodite the Demonspawn Berserker began the quest for the Orb.
     0 | D:1      | Reached XP level 1. HP: 18/18 MP: 1/1
   247 | D:1      | Gained mutation: You are partially covered in icy blue scales. (AC +2) [demonic ancestry]
   247 | D:1      | Reached XP level 2. HP: 9/24 MP: 2/2
   802 | D:1      | Gained mutation: You are slightly more attuned to the shadows. [demonic ancestry]
   802 | D:1      | Reached XP level 3. HP: 29/29 MP: 3/3
   919 | D:1      | Reached ** piety under Trog
  1516 | D:2      | Gained mutation: You are immune to rotting. [demonic ancestry]
  1516 | D:2      | Reached XP level 4. HP: 30/35 MP: 4/4
  2122 | D:3      | Reached skill level 1 in Stealth
  2122 | D:3      | Gained mutation: You have a pair of small horns on your head. [demonic ancestry]
  2122 | D:3      | Reached XP level 5. HP: 31/42 MP: 5/5
  2399 | D:3      | Found a shadowy altar of Dithmenos.
  2403 | D:3      | Reached *** piety under Trog
  3071 | D:4      | Found the +7 Kryia's mail coat {PotionHeal*2 rC+}
  3111 | D:4      | Noticed Grinder
  3131 | D:4      | Paralysed by Grinder for 5 turns
  3136 | D:4      | Gained mutation: Scrolls take you a little longer to read. [potion of mutation]
  3136 | D:4      | Gained mutation: Your system is resistant to poisons. (rPois) [potion of mutation]
  3136 | D:4      | Gained mutation: You are frail. (-10% HP) [potion of mutation]
  3136 | D:4      | Gained mutation: You are resistant to hostile enchantments. (MR+) [potion of mutation]
  3149 | D:4      | Killed Grinder
  3149 | D:4      | Gained mutation: You are significantly more attuned to the shadows. [demonic ancestry]
  3149 | D:4      | Reached XP level 6. HP: 8/43 MP: 6/6
  3411 | D:4      | Lost mutation: You are frail. (-10% HP) [potion of mutation]
  3411 | D:4      | Lost mutation: You are resistant to hostile enchantments. (MR+) [potion of mutation]
  3411 | D:4      | Gained mutation: You occasionally shout uncontrollably at your foes. [potion of mutation]
  3411 | D:4      | Gained mutation: You have a pair of horns on your head. [potion of mutation]
  3773 | D:4      | Found a shattered altar of Ashenzari.
  3782 | D:4      | Reached XP level 7. HP: 54/54 MP: 7/7
  3891 | D:4      | Found a runed door.
  3895 | D:4      | Noticed Crazy Yiuf
  3902 | D:4      | Killed Crazy Yiuf
  3951 | D:4      | Noticed a hippogriff
  3965 | D:4      | Killed a hippogriff
  4398 | D:5      | Entered Level 5 of the Dungeon
  4463 | D:5      | Reached skill level 5 in Long Blades
  4614 | D:5      | Noticed a hippogriff
  4629 | D:5      | Killed a hippogriff
  4629 | D:5      | Reached skill level 5 in Armour
  4629 | D:5      | Mutation became permanent: You have a pair of small horns on your head. [demonic ancestry]
  4629 | D:5      | Gained mutation: You have a pair of horns on your head. [demonic ancestry]
  4629 | D:5      | Reached XP level 8. HP: 43/61 MP: 8/8
  4766 | D:5      | Found Juxirr's Weapon Boutique.
  5217 | D:5      | Reached skill level 5 in Fighting
  5524 | D:6      | Found a staircase to the Ecumenical Temple.
  5566 | D:6      | Found Desuri Weph's Magic Scroll Emporium.
  5614 | D:6      | Reached **** piety under Trog
  5802 | D:6      | Noticed Pikel
  5830 | D:6      | Killed Pikel
  5830 | D:6      | Reached XP level 9. HP: 44/69 MP: 9/9
  6421 | D:7      | Found Syabb's Antique Weapon Emporium.
  6424 | D:7      | Bought an ichor-stained hand axe for 192 gold pieces
  6424 | D:7      | Identified the +6 hand axe "Ozxigeck" {chop, MR+} (You bought it in a shop on level 7 of the Dungeon)
  6472 | D:7      | Reached skill level 5 in Dodging
  6647 | D:7      | Found a sparkling altar of Nemelex Xobeh.
  6648 | D:7      | Found a white marble altar of Elyvilon.
  6717 | D:7      | Found an ancient bone altar of Kikubaaqudgha.
  6821 | D:7      | Reached ***** piety under Trog
  6821 | D:7      | Reached skill level 1 in Axes
  6869 | D:7      | Reached skill level 5 in Stealth
  7124 | D:8      | Found a staircase to the Lair.
  7242 | D:8      | Noticed a two-headed ogre
  7244 | D:8      | Gained mutation: You are mostly covered in icy blue scales. (AC +3) [demonic ancestry]
  7244 | D:8      | Reached XP level 10. HP: 77/77 MP: 10/10
  7252 | D:8      | Killed a two-headed ogre
  7791 | D:8      | Found a glowing golden altar of the Shining One.
  8136 | D:9      | Noticed a cyclops
  8148 | D:9      | Killed a cyclops
  8944 | D:10     | Entered Level 10 of the Dungeon
  8978 | D:10     | Received a gift from Trog
  9130 | D:10     | Noticed Grum
  9143 | D:10     | Killed Grum
  9396 | D:10     | Noticed a two-headed ogre
  9405 | D:10     | Killed a two-headed ogre
  9530 | D:10     | Killed an unseen horror
  9859 | D:10     | Noticed Joseph
  9877 | D:10     | Killed Joseph
  9877 | D:10     | Reached XP level 11. HP: 38/84 MP: 11/11
 10093 | D:10     | Reached skill level 5 in Axes
 10361 | D:10     | Noticed a two-headed ogre
 10375 | D:10     | Killed a two-headed ogre
 10720 | D:10     | Noticed a two-headed ogre
 10730 | D:10     | Killed a two-headed ogre
 10836 | D:10     | Found a sacrificial altar of Ru.
 11301 | D:11     | Noticed an unseen horror
 11314 | D:11     | Killed an unseen horror
 11420 | D:11     | Found Woefam's Jewellery Boutique.
 11493 | D:11     | Found Hioduwn's Antique Weapon Emporium.
 11558 | D:11     | Noticed a cyan ugly thing
 11575 | D:11     | Killed a cyan ugly thing
 11941 | D:11     | Received a gift from Trog
 11997 | D:11     | Found Cuhoz's Assorted Antiques.
 12037 | D:11     | Found a staircase to the Orcish Mines.
 12193 | D:11     | Reached XP level 12. HP: 83/94 MP: 12/12
 12424 | Orc:1    | Entered Level 1 of the Orcish Mines
 12516 | Orc:2    | Entered Level 2 of the Orcish Mines
 12530 | Orc:2    | Noticed Erolcha
 12541 | Orc:2    | Killed Erolcha
 13154 | Orc:2    | Found a roughly hewn altar of Beogh.
 13184 | Orc:2    | Found Nyim's Food Shoppe.
 14056 | Orc:1    | Found Noabb's Antique Weapon Boutique.
 14070 | Orc:1    | Noticed Harold
 14087 | Orc:1    | Killed Harold
 14089 | Orc:1    | Received a gift from Trog
 14763 | Orc:1    | Found a roughly hewn altar of Beogh.
 15131 | Orc:2    | Found a staircase to the Elven Halls.
 15279 | Orc:2    | Found a roughly hewn altar of Beogh.
 15772 | Orc:2    | Found a roughly hewn altar of Beogh.
 15797 | Orc:2    | Found Huisood's Food Shoppe.
 16109 | Orc:2    | Noticed an orc high priest
 16120 | Orc:2    | Slain by a sixfirhy

Skill      XL: |  1  2  3  4  5  6  7  8  9 10 11 12 |
---------------+-------------------------------------+-----
Armour         | 2 3 5 6 8 9 |  9.5
Dodging        | 2 3 4 5 6 7 |  7.7
Long Blades    | 3 4 5 6 7 |  7.0
Stealth        | 1 2 3 4 5 6 7 8 |  8.5
Fighting       | 4 5 6 7 8 9 |  9.8
Axes           | 2 4 7 8 |  8.5

Action                   |  1- 3 |  4- 6 |  7- 9 | 10-12 || total
-------------------------+-------+-------+-------+-------++-------
Melee: Falchion          |   113 |   157 |   270 |       ||   540
       Headbutt          |       |    27 |    99 |   177 ||   303
       Hand axe          |       |       |    81 |   744 ||   825
Invok: Berserk           |       |     2 |     2 |    12 ||    16
       Burn Spellbooks   |       |     1 |       |     1 ||     2
       Trog's Hand       |       |       |       |     1 ||     1
       Brothers in Arms  |       |       |       |     4 ||     4
  Use: Potion            |       |     4 |       |     1 ||     5
       Scroll            |       |       |    11 |    12 ||    23
 Stab: Sleeping          |       |     3 |    13 |    33 ||    49
       Distracted        |       |       |     1 |       ||     1
  Eat: Chunk             |     2 |     9 |    11 |    36 ||    58
       Ration            |       |       |     1 |     2 ||     3
Armor: Animal skin       |    36 |       |       |       ||    36
       Chain mail        |    26 |    61 |       |       ||    87
       Scale mail        |       |    31 |   223 |   504 ||   758
Dodge: Dodged            |    82 |    83 |   271 |   540 ||   976
       Rpst.: Falchion   |    22 |    30 |    70 |       ||   122
